 Dungeon Crawl Stone Soup version 0.27-a0-1136-g0b992a5a9d (webtiles) character file.

Game seed: 17722914908272017770

2250 Morbidden the Covert (level 9, -6/46 HPs)
             Began as a Vine Stalker Brigand on May 5, 2021.
             Mangled by a hornet (15 damage)
             ... on level 7 of the Dungeon.
             The game lasted 00:10:57 (5725 turns).

Morbidden the Covert (Vine Stalker Brigand)         Turns: 5725, Time: 00:10:57

Health: -6/46      AC:  4    Str: 14    XL:     9   Next: 37%
Magic:  0/15       EV: 13    Int: 14    God:
Gold:   279        SH:  0    Dex: 16    Spells: 12/15 levels left

rFire    . . .     SeeInvis .   a - +2 dagger
rCold    . . .     Faith    .   (no shield)
rNeg     + . .     Spirit   +   J - +0 robe
rPois    .         Reflect  .   (no helmet)
rElec    .         Harm     .   c - +0 cloak
rCorr    .         Rampage  .   q - +0 pair of gloves
Will     +....                  (no boots)
Stlth    ++++......             h - amulet of magic regeneration
HPRegen  1.15/turn              w - ring of positive energy
MPRegen  0.39/turn              (no ring)

@: slowed, very slow
A: fangs 3, regeneration 1, magic shield, antimagic bite, no potion heal 2
a: no special abilities


You were on level 7 of the Dungeon.
You visited 1 branch of the dungeon, and saw 7 of its levels.

You collected 279 gold pieces.

Inventory:

Hand Weapons
 a - a +2 dagger (weapon)
 b - a +1 hunting sling
Missiles
 d - 4 poisoned darts (quivered)
 e - 2 curare-tipped darts
 j - 57 sling bullets
 v - 2 boomerangs of dispersal
 x - 5 javelins
 I - 2 silver javelins
Armour
 c - a +0 cloak (worn)
 q - a +0 pair of gloves (worn)
 J - a +0 robe (worn)
Jewellery
 h - an amulet of magic regeneration (around neck)
 w - a ring of positive energy (left hand)
 H - a ring of resist corrosion
Wands
 m - a wand of polymorph (2)
 r - a wand of flame (21)
 t - a wand of iceblast (4)
Scrolls
 g - 3 scrolls of teleportation
 k - 8 scrolls of identify
 y - 2 scrolls of enchant weapon
Potions
 f - a potion of ambrosia {unknown}
 i - a potion of magic {unknown}
 l - a potion of experience {unknown}
 o - 2 potions of curing
 p - 2 potions of degeneration {unknown}
 u - a potion of flight {unknown}
 z - a potion of might {unknown}
 A - a potion of haste {unknown}
 B - a potion of brilliance {unknown}
 C - a potion of mutation {unknown}
 F - a potion of resistance {unknown}


   Skills:
 * Level 4.6 Fighting
 + Level 4.1(4.8) Short Blades
 * Level 3.7(4.6) Long Blades
 + Level 3.1 Throwing
 * Level 3.7 Dodging
 + Level 8.0 Stealth
 * Level 3.9 Spellcasting
 * Level 3.6 Summonings
 + Level 0.8 Evocations


You had 12 spell levels left.
You knew the following spells:

 Your Spells              Type           Power      Damage    Failure   Level
a - Call Canine Familiar  Summ           13%        N/A       13%         3

Your spell library contained the following spells:

 Spells                   Type           Power      Damage    Failure   Level
 Summon Small Mammal      Summ           52%        N/A       4%          1
 Call Imp                 Summ           13%        N/A       6%          2
 Summon Guardian Golem    Hex/Summ       7%         N/A       28%         3
 Summon Ice Beast         Ice/Summ       7%         N/A       67%         4
 Summon Lightning Spire   Summ/Air       7%         N/A       67%         4


Dungeon Overview and Level Annotations

Branches:
Dungeon (7/15)             Temple (0/1) D:7

Altars:
Cheibriados
Dithmenos
Hepliaklqana
Uskayaw
The Shining One

Shops:
D:1 [   D:5 (


Innate Abilities, Weirdness & Mutations

You have razor-sharp teeth.
Your natural rate of healing is unusually fast.
When hurt, damage is shared between your health and your magic reserves.
Your bite disrupts and absorbs the magic of your enemies.
Potions cannot restore your health.


Message History

The hornet barely misses you.
Your hound bites the hornet but does no damage.
Unknown command.
You barely miss the hornet. You bite the hornet, but do no damage.
The hornet is moderately wounded.
The hornet stings you!
You are poisoned.
You suddenly lose the ability to move!
Your hound bites the hornet.
The hornet stings your hound!
Your hound is poisoned.
Your hound seems to slow down.
You feel very sick.
Your hound is no longer moving slowly.
Your hound misses the hornet. The hornet stings your hound!!
Your hound dies!
Your hound's corpse disappears in a puff of smoke!
The hornet buzzes angrily.
You can move again.
Unknown command.
Casting: Call Canine Familiar (dangerous; 13% risk of failure)
Confirm with . or Enter, or press ? or * to list all spells.
You feel yourself speed up.
You feel very sick.
You hear a shout!
The hornet stings you.
You are more poisoned.
You feel yourself slow down. The hornet barely misses you.
Unknown command.
It was a potion of cancellation.
Your magical effects are unravelling.
You feel magically purged.
You feel yourself speed up.
You feel very sick. The hornet stings you.
You feel yourself slow down. The hornet stings you!
* * * LOW HITPOINT WARNING * * *
You feel as though you will be slow longer.
Unknown command.
Your system rejects the healing.
You feel better. The hornet completely misses you.
Your hound closely misses the hornet.
The hornet stings you!
You die...

,,,,,,,*,* *,,*
********,** *..*
***,.###*#.*
*,,,,/...,.##
*,≈≈≈≈≈≈≈,..#
*,≈****#≈.#.#
*,≈*,,,#≈.#.#
**,≈*,∩,#≈..h##
*,,≈*,,,#≈.y@.#
*,,≈**,*#().#.#
*,,≈≈≈≈≈≈≈..#.#
*,,,,.......#.##
*,,,,......###.#
**,,,......* #.#
*,,,.....#* #.#
*,,,...>.* #.#
**,,,,,,** #.#


You could see a hornet (ally target) and a friendly hound (summoned).

Vanquished Creatures
  Pikel (D:6)
  Joseph (D:7)
  Prince Ribbit (D:6)
  A water moccasin (D:5)
  3 black bears
  A necrophage (D:5)
  An ogre (D:4)
  A lemure (D:6)
  A wyvern skeleton (D:6)
  4 scorpions
  A bullfrog zombie (D:5)
  2 jellies (D:5)
  A hound (D:5)
  A centaur skeleton (D:5)
  An iron imp (D:5)
  Jessica (D:2)
  An orc wizard (D:6)
  A hound zombie (D:5)
  6 adders
  2 shadow imps
  2 worms (D:2)
  2 orcs
  3 bats
  5 endoplasms
  3 giant cockroaches
  6 goblins
  3 hobgoblins (D:4)
  4 jackals (D:3)
  3 quokkas
  10 ball pythons
  A frilled lizard (D:2)
  5 kobolds
  A rat (D:1)
80 creatures vanquished.

Vanquished Creatures (collateral kills)
  An ogre (D:6)
  An orc priest (D:6)
  A white imp (D:7)
3 creatures vanquished.

Vanquished Creatures (others)
  4 plants (D:2)
4 creatures vanquished.

Grand Total: 87 creatures vanquished

Notes
Turn   | Place    | Note
-------+----------+-------------------------------------------
     0 | D:1      | Morbidden the Vine Stalker Brigand began the quest for the
                  | Orb.
     0 | D:1      | Reached XP level 1. HP: 11/11 MP: 2/2
   257 | D:1      | Reached skill level 5 in Stealth
   257 | D:1      | Reached XP level 2. HP: 14/15 MP: 3/3
   327 | D:1      | Found a faded altar of an unknown god.
   507 | D:1      | Reached skill level 1 in Dodging
   655 | D:1      | Found Elotit's Armour Shoppe.
   970 | D:2      | Reached XP level 3. HP: 17/18 MP: 4/4
  1157 | D:2      | Noticed Jessica
  1165 | D:2      | Killed Jessica
  1166 | D:2      | Gained mutation: Your natural rate of healing is unusually
                  | fast. [Vine Stalker growth]
  1166 | D:2      | Reached XP level 4. HP: 17/23 MP: 3/6
  1737 | D:2      | Reached skill level 6 in Stealth
  1944 | D:2      | Reached skill level 1 in Long Blades
  2181 | D:3      | Reached skill level 1 in Spellcasting
  2384 | D:3      | Found a hide-covered altar of Uskayaw.
  2798 | D:3      | Found a glowing golden altar of the Shining One.
  2987 | D:4      | Noticed a scorpion
  2989 | D:4      | Killed a scorpion
  2990 | D:4      | Reached XP level 5. HP: 27/27 MP: 6/8
  3130 | D:4      | Noticed an ogre
  3183 | D:4      | Killed an ogre
  3184 | D:4      | Reached XP level 6. HP: 5/32 MP: 0/9
  3265 | D:4      | Learned a level 3 spell: Call Canine Familiar
  3606 | D:5      | Entered Level 5 of the Dungeon
  3637 | D:5      | Noticed a necrophage
  3656 | D:5      | Killed a necrophage
  3738 | D:5      | Noticed a black bear
  3767 | D:5      | Killed a black bear
  3768 | D:5      | Reached skill level 1 in Summonings
  3768 | D:5      | Reached XP level 7. HP: 23/36 MP: 7/11
  3794 | D:5      | Reached skill level 7 in Stealth
  3858 | D:5      | Found Quekakhlo's Antique Weapon Emporium.
  4065 | D:5      | Gained mutation: You have razor-sharp teeth. [Vine Stalker
                  | growth]
  4065 | D:5      | Reached XP level 8. HP: 42/42 MP: 11/13
  4231 | D:5      | Found a snail-covered altar of Cheibriados.
  4436 | D:6      | Noticed Prince Ribbit
  4440 | D:6      | Killed Prince Ribbit
  4450 | D:6      | Noticed a shadow
  4451 | D:6      | Found a shadowy altar of Dithmenos.
  4452 | D:6      | Found a hazy altar of Hepliaklqana.
  4885 | D:6      | Noticed Pikel
  4989 | D:6      | Killed Pikel
  4990 | D:6      | Reached XP level 9. HP: 23/46 MP: 13/15
  5494 | D:6      | Reached skill level 8 in Stealth
  5623 | D:7      | Noticed Joseph
  5632 | D:7      | Killed Joseph
  5710 | D:7      | Noticed a hornet
  5721 | D:7      | Paralysed by a hornet for 2 turns
  5725 | D:7      | Mangled by a hornet

Illustrated notes

Levels and vault maps discovered:
D:1:      kilobyte_arrival_exit_the_forest, layout_loops_ring,
          ebering_ecumenical_altar_abandoned, serial_shops, shop
D:2:      layout_loops_ring, serial_bayou_lagoon_a, uniq_jessica
D:3:      layout_basic, tso_oasis_becter, lemuel_doored_altar, dk_noncrumbling_3
D:4:      layout_cave_pools
D:5:      layout_basic, chei_slow_surprise, serial_shops, nicolae_shop_trees
D:6:      layout_loops_corners, riverfiend_overflow_shadow_ancestor,
          uniq_prince_ribbit1, uniq_pikel
D:7:      layout_cave_pods, temple_pool_b, enter_bailey_3, uniq_joseph

Skill      XL: |  1  2  3  4  5  6  7  8  9 |
---------------+----------------------------+-----
Stealth        | 5 6 7 8 |  8.0
Dodging        | 1 2 3 |  3.7
Fighting       | 2 3 4 |  4.6
Short Blades   | 2 3 4 |  4.1
Long Blades    | 1 2 3 |  3.7
Spellcasting   | 1 2 3 |  3.9
Throwing       | 2 3 |  3.1
Summonings     | 1 2 3 |  3.6
Evocations     | |  0.8

Action                   |  1- 3 |  4- 6 |  7- 9 || total
-------------------------+-------+-------+-------++-------
Melee: Dagger            |    44 |   141 |   163 ||   348
       Bite              |     8 |    27 |    60 ||    95
 Fire: Hunting sling     |       |       |     1 ||     1
Throw: Dart              |     1 |    13 |    20 ||    34
       Javelin           |       |     5 |     5 ||    10
 Cast: Call Canine Famil |       |       |     6 ||     6
Evoke: Wand              |       |       |     7 ||     7
  Use: Scroll            |       |     2 |     7 ||     9
       Potion            |       |       |     2 ||     2
 Stab: Sleeping          |     4 |    15 |     5 ||    24
       Distracted        |       |       |     1 ||     1
Armor: Robe              |     6 |    33 |    29 ||    68
Dodge: Dodged            |    24 |    73 |    89 ||   186

Table legend: (Time is in decaauts)
 A = Elapsed time spent in this place.
 B = Non-inter-level travel time spent in this place.
 C = Inter-level travel time spent in this place.
 D = Time resting spent in this place.
 E = Time spent auto-exploring this place.
 F = Levels seen in this place.
 G = Mean time per level.
                   A        B        C        D        E       F      G
               +--------+--------+--------+--------+--------+-----+--------+
         Total |   5694 |   5367 |    327 |      0 |   4353 |   7 |  813.4 |
       Dungeon |   5694 |   5367 |    327 |      0 |   4353 |   7 |  813.4 |
               +--------+--------+--------+--------+--------+-----+--------+

Top non-repeatable levels by time:
     D:6: 1191 daAuts
     D:2: 1086 daAuts
     D:3: 1006 daAuts
     D:1: 904 daAuts
     D:5: 797 daAuts
     D:4: 612 daAuts
     D:7: 96 daAuts
